 Dungeon Crawl Stone Soup version 0.30.1-3-gfc49f6343a (webtiles) character file.

Game seed: 2993337124982951331

3838 Draugr the Placeless Elf (level 9, -3/51 HPs)
             Began as a Deep Elf Fire Elementalist on Aug 4, 2023.
             Was a Believer of Sif Muna.
             Slain by a vampire (9 damage)
             ... on level 8 of the Dungeon.
             The game lasted 00:32:20 (8041 turns).

Draugr the Placeless Elf (DEFE)                     Turns: 8041, Time: 00:32:21

Health: -3/51      AC:  6    Str:  5    XL:     9   Next: 98%
Magic:  14/23      EV: 12    Int: 25    God:    Sif Muna [**....]
Gold:   622        SH:  0    Dex: 13    Spells: 2/24 levels left

rFire   + . .        j - +2 short sword (vamp)
rCold   x . .        (no shield)
rNeg    + + .        a - +1 robe
rPois   +            (no helmet)
rElec   +            (no cloak)
rCorr   .            I - +1 pair of gloves
SInv    .            w - +0 pair of boots
Will    .....        y - amulet of magic regeneration
Stlth   +++          n - ring "Olanguh" {Fly rElec rPois rN++ Dex-2}
HPRegen 0.28/turn    B - ring of fire
MPRegen 0.58/turn

%: no passive effects
@: flying
A: no striking features
a: Renounce Religion, Channel Magic


You were on level 8 of the Dungeon.
You worshipped Sif Muna.
Sif Muna was pleased with you.
You visited 2 branches of the dungeon, and saw 10 of its levels.
You also visited: Bailey.

You collected 622 gold pieces.

Inventory:

Hand Weapons
 g - a +0 dagger of venom
 j - a +2 vampiric short sword (weapon)
 t - a +2 dagger of electrocution
Missiles
 o - 3 throwing nets
Armour
 a - a +1 robe (worn)
 w - a +0 pair of boots (worn)
 I - a +1 pair of gloves (worn)
Jewellery
 f - a ring of poison resistance
 n - the ring "Olanguh" (left hand) {Fly rElec rPois rN++ Dex-2}
   (You acquired it on level 7 of the Dungeon)

   [ring of flight]

   Dex:       It affects your dexterity (-2).
   rElec:     It insulates you from electricity.
   rPois:     It protects you from poison.
   rN:        It greatly protects you from negative energy.
   Fly:       It grants you flight.
 p - an amulet of the acrobat
 y - an amulet of magic regeneration (around neck)
 B - a ring of fire (right hand)
Wands
 b - a wand of mindburst (4)
 r - a wand of paralysis (4)
 u - a wand of polymorph (13)
 C - a wand of quicksilver (7)
Scrolls
 c - 2 scrolls of vulnerability
 d - 3 scrolls of teleportation
 e - 2 scrolls of fog
 k - 3 scrolls of enchant armour
 q - 2 scrolls of magic mapping
 A - 2 scrolls of torment
 D - 3 scrolls of enchant weapon
 E - a scroll of immolation {unknown}
 F - a scroll of amnesia {unknown}
 H - a scroll of blinking
Potions
 h - 4 potions of flight
 i - a potion of invisibility {unknown}
 l - a potion of degeneration {unknown}
 v - a potion of might {unknown}
 x - a potion of curing
 z - a potion of lignification {unknown}
 G - a potion of cancellation {unknown}
 J - a potion of brilliance {unknown}


   Skills:
 - Level 3.2 Fighting
 - Level 3.7 Short Blades
 - Level 2.4 Dodging
 - Level 5.0 Stealth
 - Level 8.1 Spellcasting
 - Level 2.1 Conjurations
 + Level 10.6 Translocations
 - Level 6.6 Fire Magic


You had 2 spell levels left.
You knew the following spells:

 Your Spells              Type           Power      Damage    Failure   Level
a - Foxfire               Conj/Fire      100%       2x1d9     1%          1
b - Scorch                Fire           100%       2d9       1%          2
c - Inner Flame           Hex/Fire       40%        N/A       4%          3
d - Volatile Blastmotes   Fire/Tloc      100%       2d18      1%          3
e - Flame Wave            Conj/Fire      48%        2d12      10%         4
f - Blink                 Tloc           100%       N/A       1%          2
g - Manifold Assault      Tloc           59%        N/A       1%          4
h - Teleport Other        Tloc           59%        N/A       1%          3

Your spell library contained the following spells:

 Spells                   Type           Power      Damage    Failure   Level
 Lesser Beckoning         Tloc           100%       N/A       1%          2
 Beastly Appendage        Tmut           20%        N/A       6%          1
 Wereblood                Tmut           10%        N/A       9%          2
 Gell's Gravitas          Tloc           59%        N/A       1%          3
 Passage of Golubria      Tloc           59%        N/A       1%          4
 Spider Form              Tmut/Pois      10%        N/A       19%         3
 Tukima's Dance           Hex            10%        N/A       19%         3
 Yara's Violent Unravell  Hex/Tmut       5%         3d4       86%         5
 Storm Form               Tmut/Air       5%         N/A       100%        7


Dungeon Overview and Level Annotations

Branches:
Dungeon (9/15)             Temple (1/1) D:5          Bailey (visited)
   Lair: D:8-11         Orc: D:9-12

Altars:
Cheibriados
Elyvilon
Fedhas
Gozag
Makhleb
Qazlal
Ru
Sif Muna
Uskayaw
Vehumet
Wu Jian
Xom
Zin
The Shining One


Message History

The river rat is moderately wounded.
The foxfire hits the river rat but does no damage.
The river rat is moderately wounded.
Something hits you. Something bites you.
You fly upwards.
Reactivating autopickup.
There is a stone staircase leading down here.
Casting: Foxfire (safe; 1% risk of failure)
Confirm with . or Enter, or press ? or * to list all spells.
You blink.
Something hits you but does no damage.
Deactivating autopickup; reactivate with Ctrl-A.
Something bites you!
* * * LOW HITPOINT WARNING * * *
Something draws strength from your injuries!
Casting: Blink (safe; 1% risk of failure)
Confirm with . or Enter, or press ? or * to list all spells.
You blink.
Casting: Blink (safe; 1% risk of failure)
Confirm with . or Enter, or press ? or * to list all spells.
Okay, then.
Casting: Blink (safe; 1% risk of failure)
Confirm with . or Enter, or press ? or * to list all spells.
Aiming: Teleport Other (safe; 1% risk of failure)
Press: ? - help, Shift-Dir - straight line The river rat looks slightly unstable.
The river rat closely misses you.
You hit the river rat but do no damage.
The river rat is moderately wounded.
The river rat barely misses you.
You hit the river rat.
The river rat is heavily wounded.
The river rat disappears!
Casting: Teleport Other (safe; 1% risk of failure)
Confirm with . or Enter, or press ? or * to list all spells.
Aiming: Teleport Other (safe; 1% risk of failure)
Press: ? - help, Shift-Dir - straight line
Aim: Disturbance (translocational energy) Nothing appears to happen.
Something hits you!
* * * LOW HITPOINT WARNING * * *
Something bites you!
You die...

#.............#...........
#............##...........
#........#.#.##........[..
#.#......#.#.##...........
####.#......#.#.##..........#
#....#......#.#.##..........#
#.#..#......#...............'
#.#..#.....##.#.............#
#.####....>{@....#..........#
#.# ##.....##.#.......#.#####
#.###......##.#..######.#####
#.........###.....# ##......
#####.....######.#####.......
#........................
#....................####
#....................#...
#..................###...


There were no monsters in sight!

Vanquished Creatures
  A shadow (D:9)
  A steam dragon (D:7)
  An acid dragon (D:8)
  A water moccasin (D:8)
  2 orc warriors
  3 sky beasts
  3 black bears
  2 ice beasts
  An ogre (D:5)
  2 centaurs
  A phantom (D:5)
  2 gnoll sergeants
  3 bullfrogs (D:8)
  2 scorpions
  A wight (D:8)
  13 killer bees
  5 howler monkeys
  A hound (D:6)
  2 orc priests
  5 jellies
  2 gnoll boudas
  Natasha (thrice) (D:4)
  Ijyb (D:3)
  4 iguanas
  2 orc wizards
  16 gnolls
  5 adders
  A shadow imp (D:8)
  A dart slug (D:1)
  22 orcs
  6 ball pythons
  7 bats
  7 endoplasms
  4 giant cockroaches
  9 goblins
  10 hobgoblins
  9 kobolds
  7 quokkas
  5 frilled lizards
  11 rats
  2 butterflies (D:4)
186 creatures vanquished.

Vanquished Creatures (collateral kills)
  4 foxfires
4 creatures vanquished.

Vanquished Creatures (others)
  375 foxfires
375 creatures vanquished.

Grand Total: 565 creatures vanquished

Notes
Turn   | Place    | Note
-------+----------+-------------------------------------------
     0 | D:1      | Draugr the Deep Elf Fire Elementalist began the quest for
                  | the Orb.
     0 | D:1      | Reached XP level 1. HP: 10/10 MP: 6/6
   292 | D:1      | Reached XP level 2. HP: 15/15 MP: 5/8
   797 | D:1      | Reached XP level 3. HP: 19/20 MP: 5/10
   981 | D:1      | Reached skill level 1 in Fighting
  1001 | D:1      | Found a faded altar of an unknown god.
  1518 | D:2      | Reached skill level 1 in Short Blades
  1648 | D:2      | Learned a level 2 spell: Scorch
  1730 | D:2      | Found a snail-covered altar of Cheibriados.
  1842 | D:2      | Reached XP level 4. HP: 25/25 MP: 9/12
  2207 | D:3      | Noticed Ijyb
  2237 | D:3      | Killed Ijyb
  2238 | D:3      | Reached skill level 5 in Stealth
  2451 | D:3      | Found a glowing silver altar of Zin.
  2482 | D:3      | Reached XP level 5. HP: 29/29 MP: 9/13
  2549 | D:3      | Found a glowing golden altar of the Shining One.
  2899 | D:4      | Found a shimmering altar of Xom.
  2900 | D:4      | Found a stormy altar of Qazlal.
  2900 | D:4      | Found a burning altar of Makhleb.
  3030 | D:4      | Reached skill level 5 in Fire Magic
  3032 | D:4      | Reached XP level 6. HP: 30/34 MP: 7/14
  3036 | D:4      | Learned a level 3 spell: Inner Flame
  3040 | D:4      | Learned a level 3 spell: Volatile Blastmotes
  3045 | D:4      | Learned a level 4 spell: Flame Wave
  3206 | D:4      | Noticed Natasha
  3211 | D:4      | Killed Natasha
  3217 | D:4      | Noticed Natasha
  3225 | D:4      | Killed Natasha
  3231 | D:4      | Noticed Natasha
  3235 | D:4      | Killed Natasha
  3481 | D:5      | Entered Level 5 of the Dungeon
  3606 | D:5      | Reached XP level 7. HP: 40/40 MP: 8/15
  3755 | D:5      | Found a staircase to the Ecumenical Temple.
  3989 | D:6      | Found a shimmering blue altar of Sif Muna.
  4002 | D:6      | Became a worshipper of Sif Muna the Loreminder
  4236 | D:6      | Found a radiant altar of Vehumet.
  4237 | D:6      | Found an ornate altar of the Wu Jian Council.
  4237 | D:6      | Found a sacrificial altar of Ru.
  4305 | Temple   | Entered the Ecumenical Temple
  4621 | D:7      | Found a flagged portal.
  4651 | D:7      | Found a white marble altar of Elyvilon.
  4832 | D:7      | Reached skill level 5 in Spellcasting
  4832 | D:7      | Reached XP level 8. HP: 46/46 MP: 9/17
  4838 | D:7      | Learned a level 2 spell: Blink
  4943 | D:7      | Reached skill level 2 in Translocations
  4991 | Bailey   | Entered a bailey
  5009 | Bailey   | Noticed an orc warlord
  5097 | D:7      | Reached skill level 3 in Translocations
  5344 | D:7      | Reached skill level 4 in Translocations
  5411 | D:7      | Reached * piety under Sif Muna
  5412 | D:7      | Reached skill level 5 in Translocations
  5536 | D:7      | Acquired the ring "Olanguh" {Fly rElec rPois rN++ Dex-2}
  5543 | D:7      | Found a blossoming altar of Fedhas.
  5566 | D:7      | Reached skill level 6 in Translocations
  5772 | D:7      | Reached skill level 7 in Translocations
  5838 | D:7      | Reached XP level 9. HP: 51/51 MP: 16/20
  5843 | D:7      | Learned a level 4 spell: Manifold Assault
  6268 | D:8      | Found an opulent altar of Gozag.
  6354 | D:8      | Found a snail-covered altar of Cheibriados.
  6591 | D:8      | Learned a level 3 spell: Teleport Other
  6663 | D:8      | Reached skill level 8 in Translocations
  6832 | D:8      | Reached ** piety under Sif Muna
  6964 | D:8      | Reached skill level 9 in Translocations
  7048 | D:8      | Found a radiant altar of Vehumet.
  7147 | D:8      | Reached skill level 10 in Translocations
  7553 | D:9      | Noticed a death yak
  7565 | D:9      | Noticed a death yak
  7565 | D:9      | Noticed a death yak
  7638 | D:9      | Found a hide-covered altar of Uskayaw.
  8041 | D:8      | Slain by a vampire

Illustrated notes

Levels and vault maps discovered:
D:1:      spicycebolla_arrival_transporter_tutorial, layout_basic,
          ebering_ecumenical_altar_abandoned
D:2:      layout_basic, basic_altar
D:3:      layout_rooms, old_standard_altar, zin_treasury, minivault_5, uniq_ijyb
D:4:      layout_rooms, xom_butterflies, grunt_temple_overflow_open,
          uniq_natasha
D:5:      layout_cave_pools, minmay_temple_entry_from_below_b
D:6:      layout_basic, mainiacjoe_overflow_chevrons,
          chequers_temple_overflow_statue_of_worship
D:7:      layout_loops_ring, fedhas_ov_isle_minmay,
          mainiacjoe_overflow_tiny_flanked, enter_bailey_4
D:8:      layout_basic, mainiacjoe_overflow_two_lobes, minmay_ruined_shrine
D:9:      minmay_the_grid_plus [minmay_the_grid_aliased_spiral,
          minmay_the_grid_minigrid_medium, minmay_the_grid_minigrid_large,
          minmay_the_grid_plusring, minmay_the_grid_prize_shrinking_boxes],
          layout_basic, eat_drink_and_be_merry_uskayaw, dpeg_lair_monsters
Temple:   hellmonk_temple_beads

Skill      XL: |  1  2  3  4  5  6  7  8  9 |
---------------+----------------------------+-----
Conjurations   | 2 |  2.1
Spellcasting   | 4 5 6 8 |  8.1
Fighting       | 1 2 3 |  3.2
Short Blades   | 1 3 |  3.7
Stealth        | 3 5 |  5.0
Fire Magic     | 5 6 |  6.6
Translocations | 7 10 | 10.6
Dodging        | |  2.4

Action                     |  1- 3 |  4- 6 |  7- 9 || total
---------------------------+-------+-------+-------++-------
  Melee: Dagger            |    34 |    25 |       ||    59
         Short sword       |       |    24 |    63 ||    87
         Punch             |       |     1 |     2 ||     3
   Cast: Foxfire           |    48 |    42 |   135 ||   225
         Scorch            |     2 |    21 |    72 ||    95
         Volatile Blastmot |       |       |     5 ||     5
         Flame Wave        |       |       |     1 ||     1
         Inner Flame       |       |       |     4 ||     4
         Teleport Other    |       |       |     3 ||     3
         Manifold Assault  |       |       |     3 ||     3
         Blink             |       |       |     2 ||     2
  Evoke: Wand              |       |       |     2 ||     2
    Use: Potion            |       |     6 |     4 ||    10
         Scroll            |       |     5 |    11 ||    16
   Stab: Sleeping          |     8 |     5 |     8 ||    21
         Paralysed         |       |       |     3 ||     3
 Armour: Robe              |     7 |    13 |    29 ||    49
  Dodge: Dodged            |    39 |    30 |   132 ||   201
